 Dungeon Crawl Stone Soup version 0.24-a0-504-gcfb02b9d07 (webtiles) character file.

Game seed: 11355919516950682415

69777 Bapho the Grappler (level 14, -8/126 HPs)
             Began as a Purple Draconian Transmuter on July 15, 2019.
             Was a High Priest of Ru.
             Killed from afar by a frost giant (32 damage)
             ... with a bolt of cold
             ... on level 12 of the Dungeon on July 16, 2019.
             The game lasted 00:57:31 (27137 turns).

Bapho the Grappler (Purple Draconian Transmuter)   Turns: 27137, Time: 00:57:31

Health: -8/126     AC: 13    Str: 14    XL:     14   Next: 91%
Magic:  21/26      EV: 20    Int: 16    God:    Ru [*****.]
Gold:   1545       SH:  5    Dex: 16    Spells: 10/30 levels left

rFire    . . .     SeeInvis .     - Unarmed
rCold    . . .     Gourm    .   (shield unavailable)
rNeg     . . .     Faith    .   (armour unavailable)
rPois    +         Spirit   .   Q - +0 hat
rElec    .         Reflect  +   B - +2 cloak {rPois}
rCorr    .         Harm     .   H - +0 pair of gloves
MR       ++...                  g - +0 pair of boots
Stlth    ..........             j - +5 amulet of reflection
HPRegen  0.31/turn              (ring unavailable)
MPRegen  0.20/turn              S - +3 ring of dexterity

@: exhausted, studying Throwing
A: breathe power, unfitting armour, cold-blooded, missing a hand, no stealth,
hated by all, AC +8
a: Breathe Dispelling Energy, Draw Out Power, Power Leap, Apocalypse, Renounce
Religion


You were on level 12 of the Dungeon.
You worshipped Ru.
Ru was extremely pleased with you.
You were hungry.

You visited 2 branches of the dungeon, and saw 18 of its levels.
You also visited: Sewer, Bailey and Ice Cave.

You collected 1545 gold pieces.

Inventory:

Missiles
 a - 273 arrows
 d - 363 stones (quivered)
Armour
 g - a +0 pair of boots (worn)
 B - a +2 cloak of poison resistance (worn)
 H - a +0 pair of gloves (worn)
 Q - a +0 hat (worn)
Jewellery
 j - a +5 amulet of reflection (around neck)
 t - an uncursed amulet of magic regeneration
 y - an uncursed amulet of faith {unknown}
 G - a +3 ring of slaying
 I - an uncursed ring of flight
 M - an uncursed ring of protection from fire
 N - an uncursed ring of protection from cold
 S - a +3 ring of dexterity (right hand)
Wands
 l - a wand of random effects (42)
 p - a wand of polymorph (38)
 q - a wand of scattershot (12)
 z - a wand of paralysis (17)
 C - a wand of flame (24)
 F - a wand of clouds (12)
 O - a wand of acid (19)
 R - a wand of iceblast (22)
 V - a wand of digging (6)
 X - a wand of disintegration (21)
Scrolls
 b - 9 scrolls of enchant armour
 e - 15 scrolls of remove curse
 i - 11 scrolls of teleportation
 n - 4 scrolls of silence
 r - 2 scrolls of fear
 s - 3 scrolls of identify
 v - a scroll of fog
 A - 9 scrolls of enchant weapon
 U - a scroll of magic mapping
Potions
 f - 5 potions of might
 h - a potion of magic {unknown}
 k - a potion of berserk rage
 m - 3 potions of lignification
 o - 6 potions of curing
 w - 2 potions of invisibility
 x - 4 potions of agility
 D - a potion of heal wounds
 E - a potion of mutation
 K - a potion of resistance
 P - 2 potions of haste
 Z - a potion of flight
Books
 W - a manual of Throwing
Comestibles
 c - 36 rations
 u - 5 chunks of flesh


   Skills:
 - Level 12.1 Fighting
 - Level 11.1 Dodging
 - Level 14.5 Unarmed Combat
 + Level 8.6 Spellcasting
 - Level 13.1 Transmutations
 - Level 3.7 Poison Magic


You had 10 spell levels left.
You knew the following spells:

 Your Spells              Type           Power        Failure   Level  Hunger
a - Beastly Appendage     Tmut           #####.       1%          1    None
b - Dragon Form           Tmut           #####.....   38%         7    #######
c - Spider Form           Tmut/Pois      ####......   1%          3    #......
d - Blade Hands           Tmut           #####.....   1%          5    #####..
e - Ice Form              Ice/Tmut       ####....     7%          4    ###....

Your spell library contained the following spells:

 Spells                   Type           Power        Failure   Level  Hunger
 Passwall                 Tmut/Erth      ####....     1%          2    None
 Ignite Poison            Fire/Tmut/Pois ###.....     3%          3    #......
 Petrify                  Tmut/Erth      ####....     7%          4    ###....
 Hydra Form               Tmut           #####.....   8%          6    ######.
 Alistair's Intoxication  Tmut/Pois      ####....     9%          5    #####..
 Confusing Touch          Hex            #.....       11%         1    None
 Flame Tongue             Conj/Fire      #....        11%         1    None
 Irradiate                Conj/Tmut      ####......   21%         5    #####..
 Yara's Violent Unravell  Hex/Tmut       ####......   21%         5    #####..
 Confuse                  Hex            #.......     32%         3    #......
 Dazzling Spray           Conj/Hex       #.....       32%         3    #......
 Gell's Gravitas          Tloc           #.........   32%         3    #......
 Static Discharge         Conj/Air       #.......     32%         3    #......
 Fulminant Prism          Conj/Hex       #.........   71%         4    ###....
 Statue Form              Tmut/Erth      ####.....    73%         6    ######.
 Iskenderun's Battlesphe  Conj/Chrm      #.......     96%         5    #####..
 Metabolic Englaciation   Hex/Ice        #.........   96%         5    #####..
 Sticks to Snakes         Tmut           Unusable     N/A         2    N/A
 Malign Gateway           Summ/Tloc      Unusable     N/A         7    N/A
 Monstrous Menagerie      Summ           Unusable     N/A         7    N/A
 Summon Greater Demon     Summ           Unusable     N/A         7    N/A
 Summon Horrible Things   Summ           Unusable     N/A         8    N/A

Dungeon Overview and Level Annotations

Branches:
Dungeon (12/15)            Temple (0/1) D:6            Lair (6/6) D:10
 Shoals (0/4) Lair:2        Snake (0/4) Lair:2        Slime (0/5) Lair:6
    Orc: D:9-12

Altars:
Elyvilon
Nemelex Xobeh
Qazlal
Ru
Sif Muna
Vehumet
Yredelemnul
Zin
The Shining One

Shops:
D:8 *


Innate Abilities, Weirdness & Mutations

You can breathe bolts of dispelling energy.
Your rich purple scales are hard. (AC +8)
You cannot fit into any form of body armour.
You are cold-blooded and may be slowed by cold attacks.
You are missing a hand.
You cannot be stealthy.
You are hated by all.


Message History

The hornet is heavily wounded.
The hornet stings you.
You feel yourself slow down. The frost giant casts a spell at you.
The bolt of cold hits you!!
* * * LOW HITPOINT WARNING * * *
You focus your will and illuminate the frost giant in retribution!
Your transformation has ended.
Your +2 cloak of poison resistance unmelds from your body.
Your +0 hat unmelds from your body.
Your +0 pair of gloves unmelds from your body.
Your +0 pair of boots unmelds from your body.
You feel resistant to poison.
The frost giant begins to cast a spell, but is stunned by your will!
The hornet stings you but does no damage.
Aiming: Power Leap
Press: ? - help, Dir - move target cursor You feel yourself speed up.
The frost giant gestures at you while chanting.
The bolt of cold hits you!!
You die...

#...#.....)....##.#)#.##
##......##.....#......
##....###...#...# .
####..........#.# ..
##.###....C..C.#.# #.#
##....#.........# . #.
#.....###.......# ##
##....#.##..y..#.#
#.........@.####.#
##.........)..##.#
##....>#.#.......#
#......##..#.....#
###....##...#......
###..##........#.
##รท#.........#
##....#...^..#
#....##......#


You could see a frost giant, an ettin and a hornet.

Vanquished Creatures
  Gastronok (Lair:2)
  A frost giant (IceCv)
  A fire dragon (Lair:5)
  Harold (Lair:1)
  An ice dragon (Lair:4)
  5 hydras
  A catoblepas (Lair:3)
  A centaur warrior (D:10)
  3 two-headed ogres
  6 death yaks
  Urug (Lair:5)
  A deep elf knight (Bailey)
  An unseen horror (D:12)
  A lindwurm (Lair:4)
  2 ugly things
  9 deep elf magi (Bailey)
  A manticore (D:11)
  3 cyclopes (D:12)
  A merfolk siren (Lair:2)
  4 black mambas
  2 ice statues
  24 spiny frogs
  3 rime drakes
  A gargoyle (D:11)
  A kobold demonologist (D:12)
  2 komodo dragons
  4 trolls
  4 tyrant leeches (Lair:6)
  15 polar bears
  9 hippogriffs
  5 dream sheep (Lair:5)
  24 blink frogs
  5 slime creatures (D:12)
  Sigmund (D:3)
  Prince Ribbit (D:5)
  2 wyverns
  3 wraiths (D:12)
  Eustachio (D:5)
  36 yaks
  A vampire (D:11)
  3 basilisks
  11 vampire mosquitoes
  3 hungry ghosts
  An acid dragon (D:11)
  13 water moccasins
  3 orc warriors
  8 porcupines
  A sky beast (D:6)
  17 ice beasts
  Purgy (Sewer)
  3 necrophages
  A phantom (D:6)
  A black bear (D:6)
  8 ogres
  19 wolves
  9 centaurs
  10 crocodiles
  23 bullfrogs
  A gnoll sergeant (D:11)
  A wyvern zombie (D:12)
  5 scorpions
  6 killer bees (D:9)
  33 wights
  8 howler monkeys
  6 electric eels
  3 crimson imps
  3 bullfrog zombies
  2 quasits
  6 hounds
  A bullfrog skeleton (D:12)
  A gnoll shaman (D:6)
  3 orc priests
  10 jellies
  2 centaur skeletons
  Jessica (D:3)
  Terence (D:3)
  2 iguanas
  Ijyb (D:3)
  8 orc wizards
  8 worker ants
  2 hound skeletons
  2 worker ant zombies
  18 gnolls
  2 river rats (D:4)
  12 adders
  6 shadow imps
  6 oozes
  3 adder zombies (D:5)
  5 worms
  3 dart slugs
  7 leopard geckos
  33 orcs
  8 bats
  6 giant cockroaches
  10 goblins
  7 hobgoblins
  10 jackals
  4 quokkas
  A ball python (D:3)
  3 frilled lizards
  2 gnoll zombies (D:5)
  9 kobolds
  A quokka skeleton (D:5)
  A quokka zombie (D:8)
  10 rats
  A plant (Lair:1)
608 creatures vanquished.

Vanquished Creatures (collateral kills)
  An adder (D:2)
1 creature vanquished.

Vanquished Creatures (others)
  A hydra (Lair:6)
  A two-headed ogre (D:8)
  A black mamba (Lair:3)
  A spiny frog (Lair:5)
  A yak (IceCv)
  A hound (D:9)
  Crazy Yiuf (D:5)
  A gnoll (D:6)
  An orc (D:11)
  A giant cockroach (D:5)
  12 fungi (Lair:6)
  47 plants
69 creatures vanquished.

Grand Total: 678 creatures vanquished

Notes
Turn   | Place    | Note
-------+----------+-------------------------------------------
     0 | D:1      | Bapho the Draconian Transmuter began the quest for the Orb.
     0 | D:1      | Reached XP level 1. HP: 16/16 MP: 3/3
   233 | D:1      | Reached XP level 2. HP: 24/24 MP: 5/5
   273 | D:1      | Learned a level 2 spell: Sticks to Snakes
   805 | D:2      | Found a sacrificial altar of Ru.
   825 | D:2      | Became a worshipper of Ru the Awakened
   988 | D:2      | Found a deep blue altar of Sif Muna.
   988 | D:2      | Found a sparkling altar of Nemelex Xobeh.
   989 | D:2      | Found a radiant altar of Vehumet.
  1141 | D:2      | Reached XP level 3. HP: 28/30 MP: 2/6
  1198 | D:2      | Learned a level 3 spell: Spider Form
  1350 | D:2      | Noticed a big kobold
  2011 | D:3      | Noticed an ogre
  2020 | D:2      | Killed an ogre
  2020 | D:2      | Reached XP level 4. HP: 18/37 MP: 4/7
  2186 | D:3      | Reached XP level 5. HP: 44/44 MP: 5/8
  2232 | D:3      | Noticed Ijyb
  2247 | D:3      | Killed Ijyb
  2686 | D:3      | Noticed Sigmund
  2702 | D:3      | Killed Sigmund
  2702 | D:3      | Reached XP level 6. HP: 16/50 MP: 6/9
  3019 | D:3      | Noticed Jessica
  3038 | D:3      | Killed Jessica
  3171 | D:3      | Gained mutation: You are missing a hand. [Ru sacrifice]
  3171 | D:3      | Reached * piety under Ru
  3171 | D:3      | Reached ** piety under Ru
  3171 | D:3      | Reached *** piety under Ru
  3340 | D:3      | Noticed Terence
  3355 | D:3      | Killed Terence
  3866 | D:4      | Found a glowing drain.
  3874 | Sewer    | Entered a sewer
  3938 | Sewer    | Noticed Purgy
  3949 | Sewer    | Killed Purgy
  3949 | Sewer    | Your scales start taking on a rich purple colour.
  3949 | Sewer    | Reached XP level 7. HP: 42/59 MP: 9/12
  4138 | D:4      | Found a glowing golden altar of the Shining One.
  4138 | D:4      | Found a glowing silver altar of Zin.
  4139 | D:4      | Found a white marble altar of Elyvilon.
  4694 | D:4      | Learned a level 5 spell: Blade Hands
  4732 | D:5      | Entered Level 5 of the Dungeon
  4757 | D:5      | Noticed Eustachio
  4775 | D:5      | Killed Eustachio
  4775 | D:5      | Reached skill level 5 in Transmutations
  5011 | D:5      | Found a basalt altar of Yredelemnul.
  5071 | D:5      | Noticed Prince Ribbit
  5081 | D:5      | Killed Prince Ribbit
  5081 | D:5      | Reached XP level 8. HP: 44/67 MP: 12/14
  5470 | D:5      | Gained mutation: You are hated by all. [Ru sacrifice]
  5470 | D:5      | Reached **** piety under Ru
  6365 | D:5      | Found a runed translucent door.
  6366 | D:5      | Noticed Crazy Yiuf
  6501 | D:5      | Killed Crazy Yiuf
  7198 | D:6      | Reached XP level 9. HP: 58/72 MP: 9/15
  7705 | D:6      | Found a stormy altar of Qazlal.
  7720 | D:6      | Found a staircase to the Ecumenical Temple.
  7734 | D:6      | Reached skill level 5 in Dodging
  8568 | D:7      | Found a flagged portal.
  8668 | Bailey   | Entered a bailey
  8835 | Bailey   | Noticed a deep elf mage
  8843 | Bailey   | Killed a deep elf mage
  8879 | Bailey   | Noticed a deep elf mage
  8880 | Bailey   | Noticed a deep elf mage
  8880 | Bailey   | Noticed a deep elf mage
  8889 | Bailey   | Killed a deep elf mage
  8889 | Bailey   | Reached XP level 10. HP: 80/80 MP: 13/16
  8894 | Bailey   | Noticed a deep elf mage
  8900 | Bailey   | Killed a deep elf mage
  8905 | Bailey   | Killed a deep elf mage
  8907 | Bailey   | Killed a deep elf mage
  8908 | Bailey   | Noticed a deep elf mage
  8922 | Bailey   | Killed a deep elf mage
  9200 | Bailey   | Noticed a deep elf mage
  9214 | Bailey   | Killed a deep elf mage
  9493 | Bailey   | Noticed a deep elf mage
  9493 | Bailey   | Noticed a deep elf mage
  9512 | Bailey   | Killed a deep elf mage
  9513 | Bailey   | Killed a deep elf mage
  9513 | Bailey   | Reached skill level 10 in Dodging
  9804 | Bailey   | Noticed a deep elf knight
  9815 | Bailey   | Killed a deep elf knight
 10877 | D:8      | Found Kaafaitt's General Store.
 10888 | D:8      | Reached skill level 4 in Unarmed Combat
 10888 | D:8      | Reached XP level 11. HP: 65/85 MP: 11/17
 10898 | D:8      | Reached skill level 5 in Fighting
 11059 | D:8      | Noticed a two-headed ogre
 11075 | D:8      | Killed a two-headed ogre
 11101 | D:8      | Reached skill level 5 in Unarmed Combat
 11148 | D:8      | Learned a level 4 spell: Ice Form
 11237 | D:8      | Noticed a two-headed ogre
 11246 | D:8      | Killed a two-headed ogre
 12064 | D:8      | Reached skill level 6 in Unarmed Combat
 12585 | D:9      | Reached skill level 7 in Unarmed Combat
 12750 | D:9      | Found a glowing golden altar of the Shining One.
 13102 | D:10     | Entered Level 10 of the Dungeon
 13110 | D:10     | Noticed a death yak
 13132 | D:10     | Killed a death yak
 13244 | D:10     | Noticed a death yak
 13244 | D:10     | Noticed a death yak
 13252 | D:10     | Noticed a death yak
 13260 | D:10     | Noticed a death yak
 13280 | D:9      | Killed a death yak
 13280 | D:9      | Reached skill level 8 in Unarmed Combat
 13293 | D:9      | Killed a death yak
 13519 | D:10     | Noticed a centaur warrior
 13528 | D:10     | Killed a centaur warrior
 13761 | D:10     | Found a staircase to the Lair.
 13796 | D:10     | Killed a death yak
 13809 | D:10     | Killed a death yak
 13809 | D:10     | Reached skill level 9 in Unarmed Combat
 13865 | D:10     | Noticed a two-headed ogre
 13876 | D:10     | Killed a two-headed ogre
 13876 | D:10     | Reached XP level 12. HP: 71/102 MP: 15/18
 14514 | D:10     | Noticed a six-headed hydra
 14520 | D:10     | Killed a six-headed hydra
 14881 | Lair:1   | Entered Level 1 of the Lair of Beasts
 14905 | Lair:1   | Reached skill level 10 in Unarmed Combat
 15363 | Lair:1   | Noticed a seven-headed hydra
 15372 | Lair:1   | Killed a seven-headed hydra
 15856 | Lair:1   | Reached skill level 11 in Unarmed Combat
 16266 | Lair:1   | Noticed Harold
 16319 | Lair:1   | Killed Harold
 16815 | Lair:2   | Gained mutation: You cannot be stealthy. [Ru sacrifice]
 16815 | Lair:2   | Reached ***** piety under Ru
 16867 | Lair:2   | Reached skill level 10 in Fighting
 17013 | Lair:2   | Found a staircase to the Snake Pit.
 17013 | Lair:2   | Noticed Gastronok
 17015 | Lair:2   | Reached skill level 12 in Unarmed Combat
 17049 | Lair:2   | Killed Gastronok
 17398 | Lair:2   | Reached XP level 13. HP: 114/114 MP: 17/19
 17406 | Lair:2   | Found a staircase to the Shoals.
 17985 | Lair:3   | You fall into a shaft and drop 1 floor!
 18022 | Lair:4   | Found a frozen archway.
 18037 | IceCv    | Entered an ice cave
 18145 | IceCv    | Reached skill level 13 in Unarmed Combat
 18682 | IceCv    | Noticed a frost giant
 18693 | IceCv    | Killed a frost giant
 18695 | IceCv    | Reached skill level 14 in Unarmed Combat
 18936 | IceCv    | Got a pair of shimmering gloves
 18947 | IceCv    | Identified the cursed +0 pair of gloves of Mumblety Peg
                  | {+Fly rN+ Int-4 SInv} (You found it in an ice cave)
 20434 | Lair:5   | Noticed Urug
 20443 | Lair:5   | Killed Urug
 20697 | Lair:5   | Noticed a fire dragon
 20705 | Lair:5   | Killed a fire dragon
 20705 | Lair:5   | Reached skill level 10 in Transmutations
 20823 | Lair:5   | Reached XP level 14. HP: 126/126 MP: 12/20
 21360 | Lair:6   | Entered Level 6 of the Lair of Beasts
 21878 | Lair:6   | HP: 2/126 [basilisk (18)]
 23193 | Lair:6   | Found a staircase to the Slime Pits.
 24115 | Lair:6   | Identified 2 scrolls of acquirement
 24691 | Lair:1   | Identified Sif Muna's Papyrus of Scorching Shape Shifting
                  | (You acquired it on level 1 of the Lair of Beasts)
 24693 | Lair:1   | Identified Sourgho's Incunabulum of Mutagenic Combat Magic
                  | (You acquired it on level 1 of the Lair of Beasts)
 25187 | D:11     | Learned a level 7 spell: Dragon Form
 25690 | D:11     | Reached skill level 5 in Spellcasting
 27083 | D:12     | Noticed a frost giant
 27137 | D:12     | Killed from afar by a frost giant

Levels and vault maps discovered:
D:1:      minmay_arrival_semitransparent, layout_loops_ring, st_stairs_12
D:2:      layout_basic, gammafunk_temple_overflow_claw,
          nicolae_overflow_crystal_walls, lightli_corner_chamber
D:3:      layout_loops_cross, kennysheep_generic_room_4, uniq_terence,
          uniq_ijyb, uniq_jessica, uniq_sigmund
D:4:      layout_basic, good_gods_temple_1, gup_sewer_entry_bubbles
D:5:      layout_rooms, lemuel_zombie_altar_yredelemnul, first_ration,
          kennysheep_boxes, uniq_eustachio, uniq_prince_ribbit1,
          uniq_crazy_yiuf_cottage
D:6:      layout_basic, nicolae_qazlal_general_emergency,
          minmay_temple_entry_trees, hangedman_decor_push
D:7:      layout_loops_ring, lightli_bailey_entry_fortress, grunt_decor_fettered
D:8:      layout_layer_cave, serial_shops, shop
D:9:      layout_rooms, basic_altar, hangedman_little_slice_of_home
D:10:     layout_stronghold, dpeg_lair_monsters, hangedman_decor_riveting,
          serial_bayou_lagoon_b
D:11:     layout_basic
D:12:     minmay_the_grid_4x2 [minmay_the_grid_slots,
          minmay_the_grid_small_cups, minmay_the_grid_pillar_ring,
          minmay_the_grid_minigrid_small, minmay_the_grid_zigzags,
          minmay_the_grid_aliased_spiral, minmay_the_grid_zigzag_pyramid,
          minmay_the_grid_prize_diamond_cup], layout_cave_pools, orc_david_3,
          minmay_crystal_room, lightli_fourway_metalbox
Lair:1:   layout_hall_layers, chequers_serial_rivers_micro_a,
          grunt_megastairs_5, lemuel_fruit_tree, uniq_harold
Lair:2:   layout_roguey, elwin_shoals_entry_rooms, dummy_snake_entry,
          chequers_serial_rivers_micro_e, uniq_gastronok
Lair:3:   layout_cave_pods, beast_lair_carwin_9
Lair:4:   layout_regular_city, portal_ice_cave_entry_pillars_1, ice2_lemuel,
          grunt_megastairs_2
Lair:5:   dragon1_lemuel, layout_cave_pods, grunt_megastairs_4,
          lemuel_fruit_fields, uniq_urug
Lair:6:   minmay_lair_end_frog_pond, layout_big_grid, dpeg_slime_entry_corner,
          lemuel_fruit_fields

Skill      XL: |  1  2  3  4  5  6  7  8  9 10 11 12 13 14 |
---------------+-------------------------------------------+-----
Fighting       | 2 4 8 10 12 | 12.1
Transmutations | 3 4 6 9 10 13 | 13.1
Poison Magic   | 2 3 |  3.7
Spellcasting   | 3 4 8 |  8.6
Dodging        | 7 11 | 11.1
Unarmed Combat | 4 9 12 14 | 14.5

Action                   |  1- 3 |  4- 6 |  7- 9 | 10-12 | 13-15 || total
-------------------------+-------+-------+-------+-------+-------++-------
Melee: Unarmed           |    93 |   166 |   293 |   562 |   738 ||  1852
       Headbutt          |     5 |       |       |       |       ||     5
       Tailslap          |     9 |     5 |    10 |    22 |    50 ||    96
       Kick              |     1 |       |       |       |       ||     1
       Punch             |     1 |       |       |       |       ||     1
Throw: Stone             |    65 |     6 |     3 |    13 |    32 ||   119
       Javelin           |       |     7 |    14 |    30 |    56 ||   107
 Cast: Beastly Appendage |    18 |       |       |       |       ||    18
       Sticks to Snakes  |     1 |       |       |       |       ||     1
       Spider Form       |     3 |    19 |    21 |    23 |     9 ||    75
       Blade Hands       |       |       |    20 |    37 |    52 ||   109
       Ice Form          |       |       |       |     7 |    18 ||    25
Invok: Sacrifice a Hand  |       |     1 |       |       |       ||     1
       Sacrifice Love    |       |       |     1 |       |       ||     1
       Reject Sacrifices |       |       |       |     1 |     2 ||     3
       Power Leap        |       |       |       |     1 |     3 ||     4
       Sacrifice Stealth |       |       |       |     1 |       ||     1
 Abil: Breathe Dispellin |       |       |     3 |     7 |     3 ||    13
       End Transformatio |       |       |       |       |     1 ||     1
  Use: Scroll            |       |       |    12 |       |    20 ||    32
       Potion            |       |       |       |       |     1 ||     1
 Stab: Sleeping          |       |     2 |       |       |       ||     2
       Distracted        |       |     1 |       |     2 |     5 ||     8
       Invisible         |       |       |     1 |     2 |     5 ||     8
       Paralysed         |       |       |       |       |     2 ||     2
  Eat: Chunk             |     3 |    10 |    26 |    32 |    46 ||   117
       Ration            |       |       |       |     4 |     2 ||     6
Armor: Skin              |    22 |    12 |    24 |    48 |   104 ||   210
Dodge: Dodged            |    51 |   104 |   157 |   366 |   478 ||  1156
Block: Other             |     1 |    40 |    67 |    79 |   116 ||   303
       Reflection        |       |     1 |       |     2 |     4 ||     7

Table legend:
 A = Non-vault XP
 B = Vault XP
 C = Vault XP percentage of total XP
 D = Non-vault monster count
 E = Vault monster count
 F = Vault count percentage of total count
                 A         B        C        D         E       F
            +---------+---------+-------+---------+---------+-------
      Total |   43723 |   55959 |  56.1 |     400 |     215 |  35.0
            +---------+---------+-------+---------+---------+-------
        D:1 |      20 |       2 |   9.1 |      11 |       1 |   8.3
        D:2 |     170 |       0 |   0.0 |      20 |       0 |   0.0
        D:3 |      94 |     363 |  79.4 |      30 |       5 |  14.3
        D:4 |     183 |      44 |  19.4 |      10 |       7 |  41.2
        D:5 |     928 |     494 |  34.7 |      24 |       5 |  17.2
        D:6 |    1589 |       0 |   0.0 |      34 |       0 |   0.0
        D:7 |    1323 |      89 |   6.3 |      21 |      12 |  36.4
        D:8 |    3593 |       0 |   0.0 |      49 |       0 |   0.0
        D:9 |    2084 |    1886 |  47.5 |      28 |      10 |  26.3
       D:10 |    3175 |    2655 |  45.5 |      11 |       3 |  21.4
       D:11 |    5327 |       0 |   0.0 |      49 |       0 |   0.0
       D:12 |    3857 |    5106 |  57.0 |      25 |      17 |  40.5
     Lair:1 |    4591 |    2886 |  38.6 |      18 |       8 |  30.8
     Lair:2 |    4051 |    2963 |  42.2 |      25 |       2 |   7.4
     Lair:3 |    2411 |     588 |  19.6 |       6 |       4 |  40.0
     Lair:4 |    2582 |    2970 |  53.5 |      11 |      12 |  52.2
     Lair:5 |    4238 |    2905 |  40.7 |      16 |       5 |  23.8
     Lair:6 |    3507 |   14386 |  80.4 |      12 |      55 |  82.1
      Sewer |       0 |     133 | 100.0 |       0 |       6 | 100.0
     Bailey |       0 |    5252 | 100.0 |       0 |      10 | 100.0
      IceCv |       0 |   13237 | 100.0 |       0 |      53 | 100.0
            +---------+---------+-------+---------+---------+-------
